 Dungeon Crawl Stone Soup version 0.28.0 (webtiles) character file.

Game seed: 14116130350688437099

2161 lawman0 the Gusty (level 8, -2/59 HPs)
             Began as a Demigod Air Elementalist on Feb 8, 2022.
             Shot with an arrow by a centaur warrior (8 damage)
             ... on level 8 of the Dungeon.
             The game lasted 00:12:37 (9848 turns).

lawman0 the Gusty (Demigod Air Elementalist)        Turns: 9848, Time: 00:12:38

Health: -2/59      AC:  7    Str: 13    XL:     8   Next: 85%
Magic:  19/27      EV: 12    Int: 21    God:
Gold:   270        SH:  0    Dex: 20    Spells: 3/16 levels left

rFire   . . .      SeeInvis +   m - +4 hand axe of Xucko {venom, MP+9 Dex+6 SInv}
rCold   . . .      Faith    .   (no shield)
rNeg    . . .      Spirit   .   i - +1 ring mail
rPois   +          Reflect  .   (no helmet)
rElec   .          Harm     .   (no cloak)
rCorr   .          Rampage  .   k - +0 pair of gloves
Will    .....                   (no boots)
Stlth   ++........              (no amulet)
HPRegen 0.19/turn               t - ring of poison resistance
MPRegen 0.20/turn               (no ring)

@: no status effects
A: high MP 1, forlorn, divine attributes
a: no special abilities


You were on level 8 of the Dungeon.
You visited 1 branch of the dungeon, and saw 8 of its levels.

You collected 341 gold pieces.
You spent 71 gold pieces at shops.

Inventory:

Hand Weapons
 m - the +4 hand axe of Xucko (weapon) {venom, MP+9 Dex+6 SInv}
   (You found it on level 4 of the Dungeon)

   It poisons the flesh of those it strikes.
   Dex:       It affects your dexterity (+6).
   MP:        It affects your magic capacity (+9).
   SInv:      It lets you see invisible.
 q - a +0 vorpal trident
Armour
 i - a +1 ring mail (worn)
 k - a +0 pair of gloves (worn)
Jewellery
 t - a ring of poison resistance (left hand)
 u - an amulet of guardian spirit
Wands
 r - a wand of polymorph (10)
Scrolls
 c - a scroll of teleportation
 e - 2 scrolls of fog
 h - a scroll of enchant armour
 l - a scroll of immolation
 p - a scroll of torment
Potions
 b - a potion of flight
 d - 2 potions of mutation {unknown}
 f - 2 potions of attraction {unknown}
 g - 2 potions of brilliance
 j - 6 potions of curing {unknown}
 n - 3 potions of might {unknown}
 o - 2 potions of lignification {unknown}
 s - a potion of degeneration {unknown}
 v - 2 potions of resistance {unknown}
 w - a potion of heal wounds {unknown}


   Skills:
 + Level 1.4 Fighting
 + Level 2.2 Armour
 + Level 3.1 Dodging
 + Level 2.6 Stealth
 + Level 4.5 Spellcasting
 + Level 4.1 Conjurations
 * Level 2.3 Summonings
 * Level 6.8 Air Magic
 * Level 3.7 Poison Magic


You had 3 spell levels left.
You knew the following spells:

 Your Spells              Type           Power      Damage    Failure   Level
a - Shock                 Conj/Air       100%       1d9       2%          1
b - Airstrike             Air            16%        N/A       14%         4
c - Mephitic Cloud        Conj/Pois/Air  25%        N/A       10%         3
d - Swiftness             Air            33%        N/A       4%          3
e - Call Imp              Summ           14%        N/A       14%         2

Your spell library contained the following spells:

 Spells                   Type           Power      Damage    Failure   Level
 Static Discharge         Conj/Air       27%        N/A       3%          2
 Magic Dart               Conj           88%        1d7       4%          1
 Summon Small Mammal      Summ           56%        N/A       9%          1
 Call Canine Familiar     Summ           14%        N/A       26%         3
 Summon Guardian Golem    Hex/Summ       9%         N/A       41%         3
 Gell's Gravitas          Tloc           4%         N/A       58%         3
 Lesser Beckoning         Tloc           4%         N/A       58%         3
 Teleport Other           Tloc           4%         N/A       58%         3
 Tukima's Dance           Hex            4%         N/A       58%         3
 Passage of Golubria      Tloc           4%         N/A       94%         4
 Petrify                  Tmut/Erth      4%         N/A       94%         4
 Summon Forest            Summ/Tloc      4%         N/A       99%         5
 Metabolic Englaciation   Hex/Ice        2%         N/A       100%        5
 Yara's Violent Unravell  Hex/Tmut       2%         3d3       100%        5
 Eringya's Noxious Bog    Tmut/Pois      6%         N/A       100%        6
 Statue Form              Tmut/Erth      2%         N/A       100%        6
 Summon Hydra             Summ           7%         N/A       100%        7


Dungeon Overview and Level Annotations

Branches:
Dungeon (8/15)             Temple (0/1) D:7
   Lair: D:8-11

Shops:
D:2 *

Annotations:
D:5 2 transporters, lake5's ghost, novice DECj


Innate Abilities, Weirdness & Mutations

You have an increased reservoir of magic. (+10% MP)
You shall have no god before yourself.
Your divine heritage dramatically boosts your attributes as you level up.


Message History

a +0 flail; an orc corpse
Casting: Mephitic Cloud (dangerous; 10% risk of failure)
Confirm with . or Enter, or press ? or * to list all spells.
Aiming: Mephitic Cloud (dangerous; 10% risk of failure)
Press: ? - help, Shift-Dir - straight line, f - centaur warrior
Aim: a centaur warrior, quivering arrows (wandering, hasn't noticed you, chance to affect: 53%)
The ball explodes into a vile cloud!
The stinking cloud engulfs the centaur warrior but does no damage.
You hear a bellow! x4
The centaur warrior is engulfed in noxious fumes.
The centaur warrior appears confused.
Unknown command.
Unknown command.
Aiming: Polymorph
Press: ? - help, Shift-Dir - straight line, f/p - centaur warrior
Aim: a centaur warrior, quivering arrows (confused, will become a glowing shapeshifter, an eye of devastation, or a two-headed ogre, chance to affect: 31%)
Okay, then.
Casting: Mephitic Cloud (dangerous; 10% risk of failure)
Confirm with . or Enter, or press ? or * to list all spells.
Aiming: Airstrike (dangerous; 14% risk of failure)
Press: ? - help, Dir - move target, f/p - centaur warrior
Aim: a centaur warrior, quivering arrows (confused, empty space bonus: 3/8)
The air twists around and strikes the centaur warrior!
The centaur warrior is lightly wounded.
The centaur warrior mumbles something.
Unknown command.
Unknown command.
A death yak comes into view.
Things that are here:
a +0 flail; an orc corpse The orc wizard hits you but does no damage.
You hit the orc wizard.
The orc wizard is poisoned.
The orc wizard is lightly wounded.
The centaur warrior seems less confused.
The centaur warrior wields a +0 shortbow.
The centaur warrior shoots an arrow.
The arrow hits you!!
The centaur warrior shoots an arrow.
The arrow hits you!!
* * * LOW HITPOINT WARNING * * *
The centaur warrior shoots an arrow.
The arrow hits you!
You die...

##########
######.Y....Y..
#....)c#.######
#...)..#.c#
#......##.#
#......####
#.o....#.# ###
###@###..# #...
#.....##
#....##..####
#.o......#
#..o.##.## ##.#
#.# #.. #.# #.#
#.# .. #.#


You could see a death yak, a centaur warrior and an orc wizard (invisible,
confused, very poisoned).

Vanquished Creatures
  2 orc warriors
  A sky beast (D:5)
  2 ogres
  A necrophage (D:6)
  A phantom (D:5)
  4 centaurs
  A water moccasin zombie (D:6)
  2 bullfrogs
  5 scorpions (D:6)
  3 jellies
  2 bullfrog zombies
  A gnoll shaman (D:7)
  3 hounds
  3 bullfrog skeletons
  3 orc wizards
  A hound skeleton (D:5)
  9 gnolls
  8 adders
  A shadow imp (D:6)
  2 white imps
  An adder skeleton (D:4)
  A worm (D:2)
  4 dart slugs
  15 orcs
  3 bats
  6 endoplasms
  3 giant cockroaches
  6 goblins
  5 hobgoblins
  9 jackals
  4 kobolds
  5 quokkas
  10 ball pythons
  3 frilled lizards
  9 rats
139 creatures vanquished.

Notes
Turn   | Place    | Note
-------+----------+-------------------------------------------
     0 | D:1      | lawman0 the Demigod Air Elementalist began the quest for
                  | the Orb.
     0 | D:1      | Reached XP level 1. HP: 14/14 MP: 5/5
   397 | D:1      | Reached skill level 3 in Air Magic
   547 | D:1      | Reached XP level 2. HP: 20/20 MP: 2/7
   892 | D:1      | Reached skill level 1 in Conjurations
   905 | D:1      | Learned a level 2 spell: Static Discharge
  1569 | D:2      | Reached XP level 3. HP: 26/26 MP: 3/8
  1804 | D:2      | Learned a level 3 spell: Mephitic Cloud
  2095 | D:2      | Found Jaczaehy's General Store.
  2416 | D:2      | Bought a scroll of identify for 26 gold pieces
  2871 | D:2      | Reached XP level 4. HP: 33/33 MP: 7/10
  3583 | D:3      | Noticed an ogre
  3591 | D:3      | Reached skill level 4 in Air Magic
  3659 | D:2      | Killed an ogre
  3660 | D:2      | Reached XP level 5. HP: 38/39 MP: 0/12
  5200 | D:4      | Reached XP level 6. HP: 40/46 MP: 4/13
  5204 | D:4      | Learned a level 3 spell: Swiftness
  5284 | D:4      | Identified the +4 hand axe of Xucko {venom, MP+9 Dex+6
                  | SInv}
  6061 | D:5      | Entered Level 5 of the Dungeon
  6197 | D:5      | Reached skill level 1 in Fighting
  6207 | D:5      | Reached skill level 1 in Armour
  6462 | D:5      | Reached skill level 1 in Poison Magic
  6590 | D:5      | Noticed lake5's ghost (novice DECj)
  6591 | D:5      | Found a transporter.
  6595 | D:5      | Found a transporter.
  6631 | D:5      | Reached skill level 5 in Air Magic
  6822 | D:5      | Reached XP level 7. HP: 50/52 MP: 15/15
  7242 | D:2      | Bought a scroll of amnesia for 45 gold pieces
  7248 | D:2      | Learned a level 4 spell: Airstrike
  7251 | D:2      | Learned a level 2 spell: Call Imp
  7545 | D:6      | Reached skill level 1 in Summonings
  7912 | D:6      | Reached XP level 8. HP: 45/59 MP: 17/17
  8554 | D:7      | Reached skill level 6 in Air Magic
  8692 | D:7      | Found a staircase to the Ecumenical Temple.
  9837 | D:8      | Noticed a centaur warrior
  9841 | D:8      | Noticed a death yak
  9848 | D:8      | Shot with an arrow by a centaur warrior

Illustrated notes

Levels and vault maps discovered:
D:1:      evilmike_arrival_rings, layout_loops_corners
D:2:      layout_basic, serial_shops, shop, basic_altar,
          kennysheep_cross_bottleneck, st_stairs_1, grunt_ministairs_3,
          chequers_serial_rivers_micro_a, minmay_misc_feat_doors,
          chequers_serial_rivers_room_a
D:3:      layout_rooms, nicolae_ecumenical_lake_church, kennysheep_donut
D:4:      layout_basic, minivault_19, minmay_distorted
D:5:      layout_loops_cross, doesnt_xom_only_xom, nicolae_ashenzari_skybound,
          gammafunk_ghost_smash
D:6:      layout_gridville
D:7:      layout_basic, minmay_temple_entry_antechambers
D:8:      layout_rooms, dpeg_lair_monsters, nicolae_ossuary_entry_ruins,
          enter_bailey_2, minmay_misc_feat_enclosed, hangedman_minor_gate_pass,
          uniq_grum

Skill      XL: |  1  2  3  4  5  6  7  8 |
---------------+-------------------------+-----
Stealth        | 2 |  2.6
Air Magic      | 3 4 5 6 |  6.8
Conjurations   | 1 2 3 4 |  4.1
Spellcasting   | 2 3 4 |  4.5
Dodging        | 2 3 |  3.1
Fighting       | 1 |  1.4
Armour         | 1 2 |  2.2
Poison Magic   | 1 2 3 |  3.7
Summonings     | 1 2 |  2.3

Action                   |  1- 3 |  4- 6 |  7- 9 || total
-------------------------+-------+-------+-------++-------
Melee: Short sword       |    18 |       |       ||    18
       Rapier            |     5 |    14 |       ||    19
       Hand axe          |       |    17 |    38 ||    55
       Punch             |       |     1 |     1 ||     2
 Cast: Shock             |    91 |   106 |   158 ||   355
       Static Discharge  |     8 |    28 |       ||    36
       Mephitic Cloud    |       |       |     4 ||     4
       Airstrike         |       |       |     1 ||     1
  Use: Scroll            |     3 |     3 |     6 ||    12
 Stab: Sleeping          |       |     1 |       ||     1
       Confused          |       |       |     3 ||     3
Armor: Robe              |     4 |       |       ||     4
       Ring mail         |     2 |    31 |    40 ||    73
Dodge: Dodged            |    45 |    82 |    67 ||   194
